 Dungeon Crawl Stone Soup version 0.29-a0-330-g52719c12eb (webtiles) character file.

Game seed: 18319489846477487709

19349 Aelig the Warrior (level 13, 0/138 HPs)
             Began as a Kobold Abyssal Knight on May 2, 2022.
             Was a High Priest of Lugonu.
             Slain by a death knight
             ... wielding a +0 glaive
             ... summoned by Lugonu's corruption
              (15 damage)
             ... on level 4 of the Lair of Beasts on May 3, 2022.
             The game lasted 00:59:39 (21115 turns).

Aelig the Warrior (Kobold Abyssal Knight)          Turns: 21115, Time: 00:59:40

Health: 0/138      AC: 26    Str: 10    XL:     13   Next: 4%
Magic:  0/19       EV:  3    Int: 11    God:    Lugonu [*****.]
Gold:   995        SH:  0    Dex: 23    Spells: 12/12 levels left

rFire   . . .      SeeInvis +   a - +9 quick blade "Juxzew" {freeze, rPois rC+ Dex+2 SInv}
rCold   + . .      Faith    .   (no shield)
rNeg    . . .      Spirit   +   (body armour currently unavailable)
rPois   +          Reflect  .   (helmet currently unavailable)
rElec   .          Harm     .   (cloak currently unavailable)
rCorr   +          Rampage  .   (gloves currently unavailable)
Will    +....      NoTele   +   (boots currently unavailable)
Stlth   +++++.....              u - amulet of guardian spirit
HPRegen 0.33/turn               m - ring of resist corrosion
MPRegen 0.16/turn               R - ring of willpower

@: tree-form, studying Fighting
A: stationary, stasis, torment immunity, boosted hp, small, no large weapons,
nightstalker 3, low MP 1
a: Renounce Religion, Depart the Abyss, Bend Space, Banish, Corrupt, Enter the
Abyss


You were on level 4 of the Lair of Beasts.
You worshipped Lugonu.
Lugonu was extremely pleased with you.
You were a tree.
You visited 2 branches of the dungeon, and saw 15 of its levels.
You visited the Abyss 1 time.

You collected 995 gold pieces.

Inventory:

Hand Weapons
 a - the +9 quick blade "Juxzew" (weapon) {freeze, rPois rC+ Dex+2 SInv}
   (You acquired it on level 7 of the Dungeon)

   It freezes those it strikes, dealing additional cold damage.
   It can also slow down cold-blooded creatures.
   Dex:       It affects your dexterity (+2).
   rC:        It protects you from cold.
   rPois:     It protects you from poison.
   SInv:      It lets you see invisible.
 b - a +0 arbalest
 c - a +3 dagger of electrocution
Missiles
 f - 48 poisoned darts
 g - 481 stones (quivered)
 v - 3 throwing nets
 E - 7 curare-tipped darts
Armour
 n - a +0 ring mail (melded)
 N - a +1 pair of boots (melded)
Jewellery
 m - a ring of resist corrosion (left branch)
 u - an amulet of guardian spirit (around neck)
 L - a ring of see invisible
 Q - a ring of flight
 R - a ring of willpower (right branch)
Wands
 e - a wand of polymorph (4)
 i - a wand of charming (6)
 l - a wand of digging (4)
 t - a wand of iceblast (17)
 O - a wand of acid (3)
 P - a wand of flame (9)
Scrolls
 k - 8 scrolls of teleportation
 r - a scroll of amnesia {unknown}
 s - a scroll of identify
 w - 3 scrolls of immolation
 x - a scroll of enchant armour {unknown}
 y - a scroll of silence
 z - a scroll of fear {unknown}
 B - 2 scrolls of vulnerability
 C - 3 scrolls of magic mapping
 D - 2 scrolls of enchant weapon
 F - 2 scrolls of summoning
 G - 2 scrolls of torment
 J - a scroll of fog {unknown}
 K - a scroll of blinking
Potions
 d - a potion of magic
 h - 4 potions of mutation
 j - 5 potions of flight
 o - 2 potions of attraction
 p - a potion of haste
 q - 2 potions of curing
 A - 4 potions of might
 I - a potion of lignification
 M - a potion of resistance


   Skills:
 + Level 15.5 Fighting
 - Level 10.0 Short Blades
 + Level 2.4 Crossbows
 - Level 4.0 Throwing
 - Level 0.7 Armour
 + Level 9.3 Dodging
 - Level 6.0 Stealth
 - Level 12.0 Invocations
 - Level 8.0 Evocations


You had 12 spell levels left.
You didn't know any spells.
Your spell library contained the following spells:

 Spells                   Type           Power      Damage    Failure   Level
 Foxfire                  Conj/Fire      0%         2x1d4     34%         1
 Slow                     Hex            0%         N/A       34%         1
 Summon Small Mammal      Summ           0%         N/A       34%         1
 Blink                    Tloc           0%         N/A       47%         2
 Static Discharge         Conj/Air       0%         N/A       47%         2
 Call Canine Familiar     Summ           0%         N/A       71%         3
 Confusing Touch          Hex            0%         N/A       71%         3
 Conjure Flame            Conj/Fire      0%         6-21      71%         3
 Frozen Ramparts          Ice            0%         1d2       71%         3
 Inner Flame              Hex/Fire       0%         N/A       71%         3
 Ozocubu's Armour         Ice            0%         N/A       71%         3
 Summon Guardian Golem    Hex/Summ       0%         N/A       71%         3
 Vampiric Draining        Necr           0%         2d6       71%         3
 Airstrike                Air            0%         N/A       98%         4
 Flame Wave               Conj/Fire      0%         2d4       98%         4
 Ice Form                 Ice/Tmut       0%         N/A       98%         4
 Summon Ice Beast         Ice/Summ       0%         N/A       98%         4
 Summon Lightning Spire   Summ/Air       0%         N/A       98%         4
 Lightning Bolt           Conj/Air       0%         1d11      100%        5
 Manifold Assault         Tloc           0%         N/A       100%        5
 Ozocubu's Refrigeration  Ice            0%         4d5       100%        7
 Storm Form               Tmut/Air       0%         N/A       100%        7
 Maxwell's Capacitive Co  Air            0%         ∞         100%        8
 Polar Vortex             Ice            0%         N/A       100%        9


Dungeon Overview and Level Annotations

Branches:
Dungeon (11/15)            Temple (0/1) D:7            Lair (4/6) D:8
  Snake (0/4) Lair:3          Orc (0/2) D:10
  Swamp: Lair:2-4    Shoals: Lair:2-4

Altars:
Cheibriados
Kikubaaqudgha
Sif Muna
Uskayaw
Wu Jian
Xom
Beogh
Lugonu

Portals:
Abyss: D:3

Annotations:
D:4 1 runed translucent door, Crazy Yiuf
D:5 exclusion: troll
D:10 2 transporters, Maggie; jmlagarto's ghost, novice MiBe
D:11 1 runed translucent door, Crownlay's ghost, journeyman GnIE
Lair:4 corrupted


Innate Abilities, Weirdness & Mutations

You are a tree.
Your roots penetrate the ground, keeping you stationary.
You cannot be teleported.
You are immune to unholy pain and torment.
Your maximum health is greatly increased.
Your equipment is partially melded.
You are small and have problems with some larger weapons.
You are completely attuned to the shadows.
Your magical capacity is low. (-10% MP)


Message History

The apocalypse crab bites the small abomination!
The apocalypse crab sears the small abomination!
The apocalypse crab claws the small abomination.
The apocalypse crab shocks the small abomination!
The small abomination is destroyed!
The small abomination disappears in a puff of smoke!
Something touches the neqoxec!
The starcursed mass touches the large abomination!
The neqoxec hits the starcursed mass!
The starcursed mass shudders and is absorbed by its neighbour.
The mana viper bites you but does no damage.
The worldbinder hits you but does no damage. x2
The black mamba bites you!
* * * LOW HITPOINT WARNING * * *
The small abomination barely misses the large abomination.
The ufetubus barely misses the large abomination.
The ufetubus hits the large abomination but does no damage.
The lich touches the neqoxec!
A starcursed mass splits. x2
Space bends violently around you!
The mana viper blinks!
You blink.
The death knight blinks!
The golden eye blinks at something.
The death knight hits you but does no damage.
Something bites the starcursed mass but does no damage.
Something claws the starcursed mass but does no damage.
The hellwing closely misses the black mamba. x2
Something hits the starcursed mass.
The starcursed mass shudders and is absorbed by its neighbour.
The small abomination hits the black mamba but does no damage.
The small abomination barely misses the mana viper.
The black mamba bites the small abomination.
The mana viper barely misses you.
The starcursed mass touches something!
You feel better.
Something tramples the large abomination but does no damage.
Something completely misses the large abomination.
The black mamba bites the small abomination!
The small abomination barely misses the black mamba.
The orange demon stings the mana viper from afar.
A starcursed mass splits.
The large abomination hits something!!
The death knight hits you with a +0 glaive!
You die...

..#.5x##### #.##.. ##.#
......353#X####X.##.## #..###
.....5.5G5Xx§X.xd4x..####....#
>....xX.#.X.3LXXRx....#..#..##
....X5###X###XXG33..........#
....555X.xS4.XDx..x.#..#...##
...#.XLXhX5xx4xX5...########
#######5t##.xp..#3.##
##X55.5#.S♣..####
##.###5#.#5.#.# ##L##
#####...## ##)## #.### #.## .#
###


You could see a death knight (summoned), a mana viper (summoned), a worldbinder
(summoned), a black mamba (summoned), a neutral bone dragon (summoned,
distracted), 5 neutral starcursed masses, a neutral soul eater (summoned,
distracted), a neutral orange demon (summoned, distracted), a neutral large
abomination (summoned, distracted), a neutral hellwing (summoned, distracted), a
neutral ynoxinul (summoned, distracted), 5 neutral small abominations, 2 neutral
iron imps, a neutral golden eye (summoned) and a neutral ufetubus (summoned,
wandering).

Vanquished Creatures
  3 hydras
  4 elephants (Lair:3)
  2 black mambas
  A rime drake (Lair:1)
  6 cane toads
  A komodo dragon (Lair:1)
  A polar bear (Lair:1)
  A troll (D:9)
  2 hornets (D:11)
  4 blink frogs (Lair:3)
  3 shadows
  5 wraiths
  A vampire (D:11)
  2 wyverns
  19 yaks
  A basilisk (Lair:3)
  A steam dragon (D:6)
  2 nagas (Lair:3)
  5 water moccasins
  A sky beast (D:5)
  7 orc warriors
  2 black bears (D:8)
  An ice beast (D:7)
  16 wolves
  5 centaurs
  2 ogres
  4 kobold brigands
  6 bullfrogs
  5 scorpions
  8 wights
  6 killer bees (D:9)
  An electric eel (Lair:2)
  7 howler monkeys
  2 hounds (D:7)
  10 orc priests
  A gnoll shaman (D:7)
  5 iguanas
  12 orc wizards
  7 hell rats (Lair:3)
  6 gnolls
  9 adders
  3 white imps
  4 ufetubi
  A worm (D:2)
  2 dart slugs
  58 orcs
  7 bats
  3 endoplasms
  A giant cockroach (D:4)
  5 goblins
  3 hobgoblins
  9 jackals
  3 quokkas
  2 ball pythons
  25 kobolds
  A rat (D:1)
314 creatures vanquished.

Vanquished Creatures (others)
  A cane toad (Lair:4)
  A komodo dragon (Lair:4)
  5 yaks (Lair:4)
  2 basilisks (Lair:4)
  A water moccasin (Lair:4)
  4 wolves (Lair:4)
  3 centaurs (Lair:4)
  A bullfrog (Lair:4)
  15 fungi
  A lurking horror (D:3)
  56 plants
90 creatures vanquished.

Grand Total: 404 creatures vanquished

Notes
Turn   | Place    | Note
-------+----------+-------------------------------------------
     0 | Abyss:1  | Aelig the Kobold Abyssal Knight began the quest for the
                  | Orb.
     0 | Abyss:1  | Reached XP level 1. HP: 14/14 MP: 2/2
    83 | Abyss:2  | Noticed a rakshasa
    84 | D:1      | Escaped the Abyss
   401 | D:1      | Reached ** piety under Lugonu
   593 | D:1      | Reached XP level 2. HP: 18/19 MP: 3/3
   972 | D:2      | Found a faded altar of an unknown god.
  1122 | D:2      | Reached XP level 3. HP: 21/23 MP: 4/4
  1848 | D:3      | Reached XP level 4. HP: 18/28 MP: 3/5
  1963 | D:3      | Found a shimmering blue altar of Sif Muna.
  2477 | D:3      | Found a corrupted altar of Lugonu.
  2479 | D:3      | Found a one-way gate to the infinite horrors of the Abyss.
  3429 | D:4      | Found a runed translucent door.
  3432 | D:4      | Noticed Crazy Yiuf
  3522 | D:4      | Noticed a centaur
  3963 | D:3      | Reached skill level 5 in Short Blades
  3963 | D:3      | Reached XP level 5. HP: 26/33 MP: 5/7
  4093 | D:5      | Entered Level 5 of the Dungeon
  4275 | D:5      | Noticed a sky beast
  4474 | D:5      | Noticed a bullfrog
  4477 | D:5      | Reached skill level 4 in Fighting
  4503 | D:5      | Killed a sky beast
  4504 | D:5      | Reached skill level 1 in Throwing
  4504 | D:5      | Reached XP level 6. HP: 6/39 MP: 0/8
  4953 | D:5      | Noticed a troll
  4960 | D:5      | Reached *** piety under Lugonu
  5103 | D:5      | Reached XP level 7. HP: 35/44 MP: 7/10
  5186 | D:5      | Reached skill level 5 in Fighting
  6733 | D:5      | Reached skill level 5 in Invocations
  7065 | D:5      | Reached XP level 8. HP: 39/51 MP: 6/11
  7504 | D:6      | Reached skill level 6 in Fighting
  8243 | D:6      | Reached skill level 7 in Fighting
  8243 | D:6      | Reached XP level 9. HP: 17/57 MP: 3/13
  9718 | D:7      | Found the +8 mithril axe "Arga" {speed, Will+}
  9724 | D:7      | Found a hide-covered altar of Uskayaw.
 10410 | D:7      | Found a staircase to the Ecumenical Temple.
 10915 | D:8      | Reached skill level 8 in Fighting
 11637 | D:7      | Identified 2 scrolls of acquirement
 11637 | D:7      | Acquired the +9 quick blade "Juxzew" {freeze, rPois rC+
                  | Dex+2 SInv}
 11790 | D:8      | Acquired a manual of Fighting
 11894 | D:8      | Reached XP level 10. HP: 37/64 MP: 9/16
 12041 | D:8      | Found a staircase to the Lair.
 12166 | D:8      | Reached skill level 10 in Short Blades
 12508 | D:8      | Found an ancient bone altar of Kikubaaqudgha.
 12716 | D:9      | Reached skill level 1 in Evocations
 12722 | D:9      | Reached skill level 1 in Stealth
 13026 | D:9      | Found an ornate altar of the Wu Jian Council.
 13335 | D:9      | Reached skill level 9 in Fighting
 13669 | D:9      | Reached **** piety under Lugonu
 13953 | D:9      | Reached skill level 5 in Evocations
 14056 | D:10     | Entered Level 10 of the Dungeon
 14252 | D:10     | Noticed Maggie
 14383 | D:10     | Reached skill level 10 in Fighting
 14383 | D:10     | Reached XP level 11. HP: 47/72 MP: 16/18
 14725 | D:10     | Reached skill level 10 in Invocations
 14754 | D:10     | Reached skill level 5 in Stealth
 14769 | D:10     | Noticed a two-headed ogre
 14819 | D:10     | Found a shimmering altar of Xom.
 14952 | D:10     | Found a staircase to the Orcish Mines.
 15030 | D:10     | Noticed jmlagarto's ghost (novice MiBe)
 15036 | D:10     | Found a transporter.
 15049 | D:10     | Found a transporter.
 15317 | D:11     | Reached ***** piety under Lugonu
 15596 | D:11     | Found a snail-covered altar of Cheibriados.
 15694 | D:11     | Reached skill level 11 in Fighting
 15736 | D:11     | Found a runed translucent door.
 15737 | D:11     | Noticed a manticore
 15737 | D:11     | Noticed Crownlay's ghost (journeyman GnIE)
 16142 | Lair:1   | Entered Level 1 of the Lair of Beasts
 16484 | Lair:1   | Noticed a four-headed hydra
 16499 | Lair:1   | Killed a four-headed hydra
 16500 | Lair:1   | Reached skill level 12 in Fighting
 16744 | Lair:1   | Reached skill level 5 in Dodging
 16747 | Lair:1   | Got the Handbook of the Snowflakes
 16869 | Lair:1   | Noticed a seven-headed hydra
 16881 | Lair:1   | Killed a seven-headed hydra
 16882 | Lair:1   | Reached XP level 12. HP: 40/82 MP: 13/20
 18101 | Lair:2   | Reached skill level 13 in Fighting
 19015 | Lair:3   | Noticed a four-headed hydra
 19020 | Lair:3   | Killed a four-headed hydra
 19237 | Lair:3   | Reached skill level 14 in Fighting
 20106 | Lair:3   | Reached skill level 15 in Fighting
 20446 | Lair:3   | Found a staircase to the Snake Pit.
 20461 | Lair:3   | Reached skill level 1 in Crossbows
 21058 | Lair:4   | Reached XP level 13. HP: 92/92 MP: 22/22
 21067 | Lair:4   | Corrupted Lair:4
 21067 | Lair:4   | Noticed an ancient lich
 21067 | Lair:4   | Noticed a starcursed mass
 21067 | Lair:4   | Noticed a starcursed mass
 21068 | Lair:4   | Noticed a starcursed mass
 21069 | Lair:4   | Noticed a starcursed mass
 21109 | Lair:4   | Noticed a lich
 21112 | Lair:4   | Noticed a red draconian
 21112 | Lair:4   | Noticed a bone dragon
 21112 | Lair:4   | Noticed a lich
 21112 | Lair:4   | Noticed a rakshasa
 21112 | Lair:4   | Gained mutation: Your magical capacity is low. (-10% MP) [a
                  | neqoxec]
 21112 | Lair:4   | Noticed a green draconian monk
 21113 | Lair:4   | HP: 6/138 [black mamba[Lugonu's corruption] (8)]
 21115 | Lair:4   | Slain by a death knight

Illustrated notes

Levels and vault maps discovered:
D:1:      dpeg_arrival_water_temple_mockup, layout_rooms,
          minmay_misc_feat_plants
D:2:      layout_loops_ring, dreamdust_ecumenical_altar_grove, moated_statue
D:3:      layout_basic, overflow_temple_1_default,
          amcnicky_altar_lugonu_corruption
D:4:      layout_gridville, nicolae_ru_path_of_blood, uniq_crazy_yiuf_cottage
D:5:      layout_basic, lemuel_tele_altar, mainiacjoe_overflow_brackets,
          minmay_increasing_density
D:6:      layout_gridville, serial_park_tiny_pond
D:7:      layout_layer_cave, mainiacjoe_overflow_cross_hatched,
          minmay_temple_entry_poolview
D:8:      layout_loops_cross, kennysheep_mini, grunt_lair_entry_orc_guard_hut,
          hangedman_abyss_or_decor_stabs
D:9:      layout_rooms, nzn_wu_jian_contemplation, special_room
          [special_room_orc]
D:10:     layout_irregular_city, mainiacjoe_overflow_tiny_flanked, david_orc_4,
          gammafunk_ghost_arena, hex_tiny, uniq_maggie
D:11:     layout_cross, ebering_ghost_inner_flame, kennysheep_slug_shrine
Lair:1:   layout_cave_shapes, lemuel_fruit_tree
Lair:2:   layout_cave_pods, fungi_pond_lemuel
Lair:3:   layout_regular_city, guppyfry_snake_entry_garden
Lair:4:   layout_loops_ring, minmay_shoals_entry_centaurs

Skill      XL: |  1  2  3  4  5  6  7  8  9 10 11 12 13 |
---------------+----------------------------------------+-----
Short Blades   | 3 4 5 6 7 9 10 | 10.0
Fighting       | 4 5 7 8 10 12 15 | 15.5
Throwing       | 1 2 3 4 |  4.0
Invocations    | 3 4 5 6 8 9 11 12 | 12.0
Evocations     | 6 8 |  8.0
Stealth        | 4 6 |  6.0
Dodging        | 5 9 |  9.3
Crossbows      | 1 2 |  2.4
Armour         | |  0.7

Action                   |  1- 3 |  4- 6 |  7- 9 | 10-12 | 13-15 || total
-------------------------+-------+-------+-------+-------+-------++-------
Melee: Short sword       |    95 |   133 |   114 |       |       ||   342
       Punch             |       |       |     6 |     8 |     1 ||    15
       Dagger            |       |       |   226 |       |       ||   226
       Quick blade       |       |       |    20 |   683 |    19 ||   722
 Fire: Hand crossbow     |       |       |     4 |       |       ||     4
       Arbalest          |       |       |       |    26 |       ||    26
Throw: Dart              |     1 |    23 |    65 |       |       ||    89
       Stone             |       |     4 |    11 |       |       ||    15
Invok: Depart the Abyss  |     1 |       |       |       |       ||     1
       Bend Space        |       |     1 |    14 |     1 |    10 ||    26
       Banish            |       |       |     4 |     2 |       ||     6
       Corrupt           |       |       |       |       |     1 ||     1
Evoke: Wand              |       |       |       |       |     1 ||     1
  Use: Scroll            |       |    10 |     6 |     8 |       ||    24
       Potion            |       |     3 |     2 |       |     6 ||    11
 Stab: Sleeping          |     4 |     2 |     1 |    23 |       ||    30
       Distracted        |       |       |       |     3 |       ||     3
Armor: Ring mail         |    30 |    41 |    61 |    45 |     3 ||   180
       Leather armour    |     2 |       |       |       |       ||     2
       Skin              |       |       |       |       |    29 ||    29
Dodge: Dodged            |    56 |    72 |   161 |   174 |    18 ||   481

Table legend: (Time is in decaauts)
 A = Elapsed time spent in this place.
 B = Non-inter-level travel time spent in this place.
 C = Inter-level travel time spent in this place.
 D = Time resting spent in this place.
 E = Time spent auto-exploring this place.
 F = Levels seen in this place.
 G = Mean time per level.
                   A        B        C        D        E       F      G
               +--------+--------+--------+--------+--------+-----+--------+
         Total |  20514 |  20016 |    498 |   5472 |   8528 |  17 | 1206.7 |
       Dungeon |  15675 |  15248 |    427 |   4568 |   5437 |  11 | 1425.0 |
          Lair |   4753 |   4682 |     71 |    904 |   3091 |   4 | 1188.2 |
         Abyss |     84 |     84 |      0 |      0 |      0 |   2 |   42.0 |
               +--------+--------+--------+--------+--------+-----+--------+

Top non-repeatable levels by time:
     D:5: 2416 daAuts
     D:7: 2225 daAuts
  Lair:3: 1796 daAuts
     D:6: 1771 daAuts
     D:4: 1597 daAuts
     D:3: 1591 daAuts
  Lair:1: 1482 daAuts
  Lair:2: 1256 daAuts
     D:9: 1246 daAuts
     D:8: 1231 daAuts
    D:10: 1122 daAuts
     D:2: 1043 daAuts
    D:11: 788 daAuts
     D:1: 642 daAuts
  Lair:4: 218 daAuts
